 Dungeon Crawl Stone Soup version 0.18-a0-1805-g8ab820f (webtiles) character file.

3 M4edhros the Insei (level 1, -1/14 HPs)
             Began as a Vampire Transmuter on Apr 26, 2016.
             Slain by a kobold
             ... wielding a +0 short sword
              (4 damage)
             ... on level 1 of the Dungeon.
             The game lasted 00:00:19 (70 turns).

M4edhros the Insei (Vampire Transmuter)               Turns: 70, Time: 00:00:20

Health: -1/14      AC:  2    Str:  9    XL:     1   Next: 41%
Magic:  3/3        EV: 12    Int: 15    God:
Gold:   18         SH:  0    Dex: 14    Spells: 1 memorised, 3 levels left

rFire  . . .     SeeInvis +       - Unarmed
rCold  . . .     Gourm    .     b - +0 robe
rNeg   + . .     Faith    .     (no shield)
rPois  .         Spirit   .     (no helmet)
rElec  .         Dismiss  .     (no cloak)
rCorr  .         Reflect  .     (no gloves)
SustAt .         Harm     .     (no boots)
MR     .....                    (no amulet)
Stlth  ++........               (no ring)
                                (no ring)

@: not resistant to hostile enchantments, unstealthy
A: fangs 3, see invisible, unbreathing
a: no special abilities


You were on level 1 of the Dungeon.
You were not thirsty.

You visited 1 branch of the dungeon, and saw 1 of its levels.

You collected 18 gold pieces.

Inventory:

Missiles
 a - 12 arrows
Armour
 b - a +0 robe (worn)
Scrolls
 e - a scroll of identify {unknown}
Potions
 d - a potion of blood
Books
 c - a book of Changes

   Spells                             Type                      Level
   a - Beastly Appendage              Transmutation                1
   b - Sticks to Snakes               Transmutation                2
   c - Spider Form                    Transmutation/Poison         3
   d - Ice Form                       Ice/Transmutation            4
   e - Blade Hands                    Transmutation                5


   Skills:
 - Level 0.8 Fighting
 - Level 2.1 Dodging
 + Level 1.2 Stealth
 + Level 3.4 Unarmed Combat
 - Level 2.0 Spellcasting
 - Level 2.1 Transmutations


You had 3 spell levels left.
You knew the following spells:

 Your Spells              Type           Power        Failure   Level  Hunger
a - Beastly Appendage     Trmt           #.....       12%         1    #......


Dungeon Overview and Level Annotations

Branches:
Dungeon (1/15)

Altars:


Innate Abilities, Weirdness & Mutations

You have razor-sharp teeth.
You have supernaturally acute eyesight.
You can survive without breathing.


Message History

You barely miss the kobold. The kobold hits you with a short sword.
You hit the kobold.
The kobold is heavily wounded.
The kobold barely misses you.
You closely miss the kobold.
The kobold is heavily wounded.
The kobold hits you with a short sword.
* * * LOW HITPOINT WARNING * * *
A hobgoblin comes into view. It is wielding a club.
The hobgoblin shouts!
You hit the kobold.
The kobold is severely wounded.
The kobold closely misses you.
You barely miss the kobold.
The kobold is heavily wounded.
The kobold barely misses you.
You closely miss the kobold.
The kobold is heavily wounded.
The kobold hits you with a short sword.
You die...

#.... ### # .....
#.. .. ...... #.#
.# ...... #.##.#
#.....##.##.#
##..........#
......(((...###
#Kg.(...#
#.@)....#
#.......#########
#...............#
#.......#######.#
#.......# #.#
#...^...# #%#
#....#### #.###
...#..# #...#
..#....# #..#.#


You could see a hobgoblin and a kobold.

Vanquished Creatures
  A bat (D:1)
  A hobgoblin (D:1)
  A kobold (D:1)
3 creatures vanquished.

Notes
Turn   | Place    | Note
--------------------------------------------------------------
     0 | D:1      | M4edhros the Vampire Transmuter began the quest for the Orb.
     0 | D:1      | Reached XP level 1. HP: 14/14 MP: 3/3
     0 | D:1      | Noticed an ice dragon
     0 | D:1      | Noticed an orb of fire
     1 | D:1      | Noticed an ice dragon
     1 | D:1      | Noticed a red draconian
     2 | D:1      | Noticed a large abomination
     5 | D:1      | Noticed a golden dragon
     6 | D:1      | Noticed a large abomination
     7 | D:1      | Noticed an ice dragon
     8 | D:1      | Noticed a tentacled monstrosity
    11 | D:1      | Noticed a shadow dragon
    15 | D:1      | Noticed a purple draconian
    15 | D:1      | Noticed a tentacled monstrosity
    15 | D:1      | Noticed an orb of fire
    17 | D:1      | Noticed a large abomination
    17 | D:1      | Noticed a shadow dragon
    19 | D:1      | Noticed a black draconian
    19 | D:1      | Noticed a purple draconian
    60 | D:1      | Reached skill level 1 in Stealth
    70 | D:1      | Slain by a kobold

Vault maps used:
D:1:      shiori_arrival_whats_in_store_for_you

Skill      XL: |  1 |
---------------+----+-----
Stealth        | 1 |  1.2
Fighting       | |  0.8
Dodging        | |  2.1
Unarmed Combat | |  3.4
Spellcasting   | |  2.0
Transmutations | |  2.1

Action                   || total
-------------------------++-------
Melee: Unarmed           ||    17
       Bite              ||     1
Armor: Robe              ||     4
Dodge: Dodged            ||    11
